 Dungeon Crawl Stone Soup version 0.21.0-25-ge575cb9 (webtiles) character file.

2659 djehuti the Thaumaturge (level 9, -5/50 HPs)
             Began as a Deep Elf Fire Elementalist on Jan 17, 2018.
             Was an Initiate of Vehumet.
             Slain by a two-headed ogre
             ... wielding a +0 giant club
              (10 damage)
             ... on level 8 of the Dungeon on Jan 23, 2018.
             The game lasted 00:21:31 (7180 turns).

djehuti the Thaumaturge (DEFE)                      Turns: 7180, Time: 00:21:32

Health: -5/50      AC:  7    Str:  6    XL:     9   Next: 36%
Magic:  3/25       EV: 14    Int: 23    God:    Vehumet [......]
Gold:   547        SH:  0    Dex: 15    Spells: 16/29 levels left

rFire    . . .     SeeInvis .   a - +9 short sword "Kept" {drain, rC+ MR+}
rCold    + . .     Gourm    .   (no shield)
rNeg     . . .     Faith    .   t - +2 robe {MR+}
rPois    .         Spirit   .   (no helmet)
rElec    .         Reflect  .   (no cloak)
rCorr    .         Harm     .   g - +2 pair of gloves
MR       +++..                  (no boots)
Stlth    +++.......             (no amulet)
HPRegen  0.16/turn              B - ring of wizardry
MPRegen  0.19/turn              u - ring of protection from magic

@: very slightly contaminated
A: no striking features
a: Renounce Religion


You were on level 8 of the Dungeon.
You worshipped Vehumet.
Vehumet was noncommittal.
You were not hungry.

You visited 2 branches of the dungeon, and saw 9 of its levels.

You collected 547 gold pieces.

Inventory:

Hand Weapons
 a - the +9 short sword "Kept" (weapon) {drain, rC+ MR+}
   (You found it on level 5 of the Dungeon)

   A truly terrible weapon, it drains the life of those it strikes.
   It protects you from cold.
   It affects your resistance to hostile enchantments.
Armour
 g - a +2 pair of gloves (worn)
 t - a +2 robe of magic resistance (worn)
Jewellery
 h - an uncursed ring of resist corrosion
 o - an uncursed ring of protection from fire
 r - an uncursed ring of protection from magic
 u - a ring of protection from magic (right hand)
 w - an uncursed ring of stealth
 y - an uncursed ring of poison resistance
 B - a ring of wizardry (left hand)
Wands
 z - a wand of digging (16)
 A - a wand of paralysis (21)
 C - a wand of polymorph (18)
 E - a wand of random effects (20)
Scrolls
 f - 6 scrolls of teleportation
 k - 4 scrolls of remove curse
 n - 6 scrolls of identify
 v - a scroll of amnesia
 x - a scroll of enchant weapon {unknown}
 D - a scroll of magic mapping
 F - a scroll of enchant armour {unknown}
Potions
 d - a potion of berserk rage {unknown}
 e - 2 potions of brilliance
 i - a potion of mutation {unknown}
 j - 5 potions of agility {unknown}
 l - 3 potions of curing {unknown}
 m - 4 potions of degeneration {unknown}
 p - a potion of lignification {unknown}
 q - 3 potions of magic {unknown}
 s - 2 potions of heal wounds {unknown}
Books
 b - a book of Flames

   Spells                             Type                      Level
   a - Flame Tongue                   Conjuration/Fire             1
   b - Throw Flame                    Conjuration/Fire             2
   c - Conjure Flame                  Conjuration/Fire             3
   d - Inner Flame                    Hexes/Fire                   3
   e - Sticky Flame                   Conjuration/Fire             4
   f - Fireball                       Conjuration/Fire             5
Comestibles
 c - 11 rations


   Skills:
 - Level 3.0 Fighting
 - Level 3.8 Dodging
 - Level 5.3 Stealth
 + Level 10.9 Spellcasting
 - Level 7.0 Conjurations
 - Level 6.2 Fire Magic


You had 16 spell levels left.
You knew the following spells:

 Your Spells              Type           Power        Failure   Level  Hunger
c - Sticky Flame          Conj/Fire      #####...     1%          4    None
v - Fireball              Conj/Fire      #####.....   4%          5    ####...
x - Conjure Flame         Conj/Fire      #####...     1%          3    None
z - Flame Tongue          Conj/Fire      #####        1%          1    None


Dungeon Overview and Level Annotations

Branches:
Dungeon (8/15)             Temple (1/1) D:5
   Lair: D:8-11

Altars:
Cheibriados
Elyvilon
Fedhas
Gozag
Hepliaklqana
Kikubaaqudgha
Makhleb
Okawaru
Qazlal
Sif Muna
Uskayaw
Vehumet
Wu Jian
Xom
Zin
The Shining One


Message History

* * * LOW MAGIC WARNING * * *
The two-headed ogre burns!
The centaur shoots an arrow.
The arrow hits you!
The two-headed ogre is engulfed in blazing flames.
The two-headed ogre closely misses you.
The two-headed ogre hits you with a giant club!
* * * LOW HITPOINT WARNING * * *
You take 23 damage, and have 5/50 hp.
MASSIVE DAMAGE!!
You now have 8/25 mp.
Casting: Sticky Flame
Confirm with . or Enter, or press ? or * to list all spells.
Aiming: Fireball
Press: ? - help, Shift-Dir - straight line, f - centaur, p - two-headed ogre
Aim: a centaur, wielding a shortbow (almost dead, unusually resistant)
The fireball explodes!
The fireball engulfs the centaur.
The centaur resists.
You kill the centaur!
Vehumet accepts your kill.
* * * LOW MAGIC WARNING * * *
The two-headed ogre burns!
The phantom blinks!
The two-headed ogre is engulfed in blazing flames.
The two-headed ogre hits you with a giant club!
You die...

####### # #.....# #
#.....# # #
#.....############ #.
#)....##.......... #..
#.....##.......... #...
#.....##..........
W#....###.....##........[.
......§.O@..).....#####...
.#§...###.....###.## #...
#### ####### #..# ####
##.## # .#####..######
.'...>........
.######..##### #.....# #
#.....# #


You could see a two-headed ogre (burning).

Vanquished Creatures
  Sigmund (D:5)
  The ghost of bumaa the Skirmisher, an amateur MiFi (D:3)
  Menkaure (D:6)
  2 orc warriors
  A sky beast (D:6)
  An ice beast (D:6)
  3 ogres
  A phantom (D:6)
  3 centaurs
  Blork the orc (D:5)
  3 bullfrogs
  5 wights (D:6)
  2 centaur zombies
  2 crimson imps
  A centaur skeleton (D:8)
  2 jellies
  A bullfrog skeleton (D:8)
  A gnoll shaman (D:8)
  Ijyb (D:5)
  2 iguanas
  3 orc wizards
  3 worker ants
  A hound zombie (D:5)
  A hound skeleton (D:8)
  A worker ant zombie (D:5)
  3 gnolls (D:8)
  11 adders
  2 shadow imps (D:7)
  An adder zombie (D:6)
  An adder skeleton (D:7)
  3 worms
  4 dart slugs
  5 leopard geckos
  27 orcs
  7 bats
  5 giant cockroaches
  9 goblins
  3 hobgoblins
  8 jackals
  3 quokkas
  5 ball pythons
  4 frilled lizards
  8 kobolds
  A leopard gecko skeleton (D:5)
  A leopard gecko zombie (D:6)
  A quokka zombie (D:6)
  7 rats
  A butterfly (D:7)
164 creatures vanquished.

Notes
Turn   | Place    | Note
-------+----------+-------------------------------------------
     0 | D:1      | djehuti the Deep Elf Fire Elementalist began the quest for the Orb.
     0 | D:1      | Reached XP level 1. HP: 10/10 MP: 6/6
   125 | D:1      | Reached skill level 4 in Spellcasting
   125 | D:1      | Reached XP level 2. HP: 13/15 MP: 1/9
   600 | D:2      | Reached XP level 3. HP: 19/19 MP: 6/11
   605 | D:2      | Learned a level 3 spell: Conjure Flame
   620 | D:2      | Reached skill level 5 in Spellcasting
  1556 | D:3      | Noticed bumaa's ghost (amateur MiFi)
  1577 | D:3      | Reached XP level 4. HP: 19/24 MP: 10/13
  1588 | D:3      | Learned a level 4 spell: Sticky Flame
  2075 | D:3      | Reached skill level 1 in Fighting
  2136 | D:3      | Killed bumaa's ghost
  2136 | D:3      | Reached XP level 5. HP: 21/29 MP: 5/14
  2242 | D:3      | Reached XP level 6. HP: 34/34 MP: 9/15
  2377 | D:3      | Learned a level 5 spell: Fireball
  2544 | D:4      | Reached skill level 6 in Spellcasting
  2837 | D:4      | Found an iron altar of Okawaru.
  2845 | D:4      | Found an opulent altar of Gozag.
  3016 | D:4      | Found a glowing golden altar of the Shining One.
  3162 | D:4      | Reached skill level 7 in Spellcasting
  3426 | D:5      | Entered Level 5 of the Dungeon
  3454 | D:5      | Noticed Ijyb
  3459 | D:5      | Killed Ijyb
  3459 | D:5      | Reached XP level 7. HP: 31/38 MP: 11/19
  3575 | D:5      | Got a bone short sword
  3576 | D:5      | Identified the +9 short sword "Kept" {drain, rC+ MR+} (You found it on level 5 of the Dungeon)
  3621 | D:5      | Found a staircase to the Ecumenical Temple.
  3694 | D:5      | Found a deep blue altar of Sif Muna.
  3866 | Temple   | Entered the Ecumenical Temple
  4128 | D:5      | Noticed Sigmund
  4145 | D:5      | Killed Sigmund
  4145 | D:5      | Reached skill level 5 in Conjurations
  4145 | D:5      | Reached skill level 5 in Fire Magic
  4271 | D:5      | Noticed Blork the orc
  4273 | D:5      | Killed Blork the orc
  4462 | D:5      | Found a blossoming altar of Fedhas.
  4805 | D:6      | Noticed Menkaure
  4808 | D:6      | Killed Menkaure
  4808 | D:6      | Reached XP level 8. HP: 43/43 MP: 14/21
  4816 | D:6      | Reached skill level 8 in Spellcasting
  4941 | D:6      | Reached skill level 9 in Spellcasting
  5402 | D:6      | Reached skill level 10 in Spellcasting
  5613 | D:7      | Upgraded the game from 0.21.0-3-g78d12a8 to 0.21.0-25-ge575cb9
  5663 | D:7      | Reached XP level 9. HP: 45/50 MP: 18/25
  5692 | D:7      | Reached skill level 5 in Stealth
  6266 | D:7      | Found a shimmering altar of Xom.
  6279 | D:7      | Found a radiant altar of Vehumet.
  7116 | D:7      | Became a worshipper of Vehumet
  7172 | D:8      | Noticed a two-headed ogre
  7180 | D:8      | Slain by a two-headed ogre

Skill      XL: |  1  2  3  4  5  6  7  8  9 |
---------------+----------------------------+-----
Spellcasting   | 4 5 7 10 | 10.9
Conjurations   | 2 4 6 7 |  7.0
Fighting       | 1 3 |  3.0
Fire Magic     | 4 6 |  6.2
Stealth        | 3 4 5 |  5.3
Dodging        | 3 |  3.8

Action                   |  1- 3 |  4- 6 |  7- 9 || total
-------------------------+-------+-------+-------++-------
Melee: Whip              |     1 |       |       ||     1
       Dagger            |    30 |     2 |       ||    32
       Short sword       |       |     3 |    26 ||    29
 Cast: Flame Tongue      |    74 |    97 |   134 ||   305
       Conjure Flame     |     1 |     4 |    14 ||    19
       Sticky Flame      |       |     3 |    24 ||    27
       Fireball          |       |       |    11 ||    11
  Use: Scroll            |     6 |     3 |     1 ||    10
 Stab: Sleeping          |     1 |       |     2 ||     3
  Eat: Chunk             |     2 |     6 |    14 ||    22
Armor: Robe              |    16 |    12 |    12 ||    40
Dodge: Dodged            |    35 |    29 |    38 ||   102
